Map: [ESL] Data-C

Players

Scarlett

  • Race: Zerg Zerg
  • Spawn Location: 3:00

Astrea - Winner!

  • Race: Protoss Protoss
  • Spawn Location: 9:00

Event: DreamHack SC2 Masters 2022 Atlanta (Online)

VOD

Have the link to the VOD?

Description

Time

  • Played on: Oct. 9, 2022, 4:07 p.m.
  • Length: 10:13

All games in this series

Show
View Real Time Build Order
Export as new Build Order

Scarlett Zerg 

Build Orders: Hatch First 

Get SALT Encoding   

  12  0:00  Drone  
  13  0:12  Overlord  
  13  0:17  Drone  
  14  0:31  Drone x2  
  16  0:48  Hatchery  
  15  0:51  Drone  
  15  0:54  Drone  
  17  0:57  Drone  
  18  1:08  Extractor  
  17  1:13  Spawning Pool  
  16  1:19  Drone  
  16  1:22  Drone  
  18  1:29  Drone  
  19  1:39  Drone  
  20  1:49  Drone  
  21  1:59  Queen  
  21  2:00  Queen  
  21  2:01  Zergling x2, Overlord  
  26  2:11  Drone x2  
  26  2:14  Metabolic Boost  
  28  2:23  Drone x2  
  30  2:34  Hatchery  
  29  2:40  Zergling x2  
  29  2:41  Drone  
  31  2:46  Queen  
  31  2:50  Overlord  
  33  2:53  Drone  
  34  2:59  Drone x2  
  36  3:07  Queen  
  36  3:09  Overlord  
  36  3:11  Drone x2  
  40  3:13  Drone  
  40  3:15  Drone  
  42  3:23  Queen  
  42  3:26  Overlord  
  44  3:28  Spore Crawler  
  44  3:30  Drone  
  44  3:31  Drone  
  45  3:34  Drone  
  45  3:39  Drone  
  47  3:45  Queen, Drone  
  47  3:47  Drone x3  
  53  3:49  Drone  
  53  3:54  Queen  
  56  3:58  Drone x2  
  56  4:01  Drone  
  56  4:02  Drone  
  60  4:05  Queen  
  60  4:09  Overlord  
  62  4:13  Drone  
  62  4:14  Evolution Chamber  
  62  4:16  Drone x2  
  63  4:20  Overlord  
  63  4:28  Overlord x2  
  61  4:40  Drone x10  
  61  4:43  Zerg Melee Weapons Level 1  
  61  4:45  Drone  
  72  4:48  Overlord  
  71  5:01  Drone x6, Hatchery  
  71  5:05  Drone x3  
  71  5:06  Drone  
  80  5:08  Spore Crawler  
  80  5:09  Zergling x2  
  80  5:10  Zergling x2  
  80  5:11  Zergling x2  
  80  5:12  Zergling x2  
  83  5:17  Extractor  
  83  5:18  Extractor  
  81  5:22  Drone x7  
  81  5:24  Lair  
  81  5:27  Extractor  
  81  5:28  Extractor  
  86  5:30  Baneling Nest  
  86  5:32  Zergling x10  
  90  5:39  Spore Crawler  
  89  5:48  Drone  
  89  5:49  Drone x7  
  92  5:57  Drone x6  
  92  6:03  Extractor  
  96  6:04  Overlord x2  
  96  6:12  Overlord x3  
  97  6:18  Drone x2  
  97  6:22  Centrifugal Hooks  
  97  6:23  Hydralisk Den, Drone  
  97  6:24  Drone x7  
  105  6:28  Hatchery  
  105  6:29  Spore Crawler  
  103  6:38  Zergling x12  
  103  6:39  Zergling x2, Zerg Melee Weapons Level 2  
  109  6:46  Overlord  
  109  6:57  Grooved Spines, Hydralisk  
  109  6:58  Hydralisk x6  
  123  7:03  Drone x6  
  129  7:10  Infestation Pit  
  129  7:15  Drone x4  
  132  7:18  Zergling x16  
  132  7:20  Baneling x5  
  132  7:21  Baneling  
  139  7:24  Baneling x7  
  139  7:26  Zergling x4  
  141  7:35  Hydralisk  
  141  7:36  Hydralisk x5  
  151  7:46  Drone x7, Extractor  
  151  7:47  Drone, Extractor  
  155  7:52  Zergling x2  
  155  7:53  Zergling x10  
  153  8:04  Hydralisk x3  
  153  8:05  Zergling x8  
  152  8:08  Spore Crawler, Muscular Augments  
  145  8:18  Drone x11  
  151  8:22  Spore Crawler  
  151  8:25  Drone x2  
  151  8:26  Drone  
  153  8:27  Spore Crawler  
  153  8:29  Drone x2, Hive  
  153  8:30  Drone  
  153  8:35  Spine Crawler  
  152  8:45  Drone x9  
  152  8:48  Overlord x4, Lurker Den  
  158  8:52  Evolution Chamber  
  156  9:04  Spore Crawler, Extractor  
  156  9:08  Zergling x24  
  165  9:10  Extractor  
  165  9:12  Spine Crawler  
  165  9:15  Spore Crawler  
  162  9:22  Drone x3  
  162  9:23  Drone x3  
  166  9:26  Spine Crawler x2  
  166  9:27  Spine Crawler  
  166  9:30  Baneling x6  
  166  9:31  Baneling x8  
  163  9:32  Baneling x3  
  163  9:36  Hydralisk x4  
  171  9:40  Baneling x10  
  171  9:44  Baneling x7  
Show
View Real Time Build Order
Export as new Build Order

Astrea Protoss - Winner!

Build Orders: 1 Gate Expand, Oracle Opening, Zealot Archon 

Get SALT Encoding   

  12  0:00  Probe  
  13  0:12  Probe  
  14  0:17  Pylon  
  14  0:24  Probe (Chrono Boost)  
  15  0:36  Probe (Chrono Boost)  
  15  0:38  Gateway  
  16  0:44  Probe (Chrono Boost)  
  16  0:46  Assimilator  
  17  0:51  Probe  
  18  1:03  Probe  
  19  1:13  Pylon  
  19  1:15  Probe  
  20  1:27  Nexus  
  20  1:28  Probe  
  21  1:39  Cybernetics Core  
  21  1:44  Assimilator  
  21  1:46  Probe  
  22  1:53  Pylon  
  22  1:58  Probe  
  23  2:11  Probe (Chrono Boost)  
  23  2:12  Adept (Chrono Boost)  
  26  2:21  Stargate  
  26  2:22  Probe (Chrono Boost)  
  27  2:26  Probe (Chrono Boost)  
  28  2:30  Warp Gate  
  28  2:35  Adept  
  30  2:39  Probe (Chrono Boost)  
  30  2:42  Probe (Chrono Boost)  
  32  2:48  Probe (Chrono Boost)  
  34  2:51  Probe (Chrono Boost)  
  34  2:53  Probe (Chrono Boost)  
  35  3:01  Probe  
  35  3:02  Oracle (Chrono Boost)  
  39  3:05  Probe  
  39  3:08  Pylon  
  40  3:13  Probe  
  40  3:18  Probe  
  42  3:25  Probe  
  43  3:29  Nexus  
  43  3:34  Oracle (Chrono Boost)  
  46  3:35  Probe  
  46  3:38  Probe  
  48  3:43  Pylon  
  48  3:47  Probe  
  49  3:50  Probe  
  50  3:56  Assimilator  
  50  3:58  Assimilator  
  50  3:59  Probe  
  50  4:02  Oracle (Chrono Boost), Probe  
  52  4:05  Pylon  
  55  4:11  Probe  
  55  4:14  Probe  
  56  4:21  Stalker  
  56  4:23  Probe  
  59  4:26  Probe  
  60  4:35  Probe  
  61  4:38  Probe  
  61  4:41  Oracle, Probe  
  61  4:43  Forge  
  61  4:45  Twilight Council  
  66  4:46  Pylon  
  66  4:48  Probe  
  66  4:50  Probe  
  68  4:53  Probe  
  69  5:00  Probe  
  69  5:02  Probe  
  69  5:04  Robotics Facility  
  69  5:05  Probe  
  72  5:07  Gateway  
  72  5:08  Gateway  
  72  5:11  Protoss Ground Weapons Level 1 (Chrono Boost)  
  72  5:12  Shield Battery, Probe (Chrono Boost)  
  73  5:15  Probe (Chrono Boost), Pylon  
  73  5:17  Probe (Chrono Boost)  
  75  5:22  Charge  
  75  5:24  Probe (Chrono Boost)  
  75  5:27  Probe (Chrono Boost)  
  78  5:29  Gateway, Probe (Chrono Boost)  
  78  5:33  Templar Archives, Probe (Chrono Boost)  
  78  5:34  Probe (Chrono Boost)  
  80  5:37  Probe (Chrono Boost)  
  80  5:38  Probe  
  80  5:40  Assimilator  
  82  5:43  Assimilator  
  82  5:46  Probe  
  83  5:54  Probe  
  83  5:55  Probe  
  85  5:58  Probe  
  85  5:59  Gateway  
  85  6:02  Gateway  
  85  6:03  Gateway  
  86  6:05  Observer (Chrono Boost)  
  86  6:06  Probe  
  86  6:09  Gateway  
  86  6:10  Gateway  
  88  6:13  Pylon  
  88  6:16  Pylon  
  88  6:21  Warp Prism (Chrono Boost)  
  88  6:22  Zealot, High Templar x2  
  88  6:24  Photon Cannon  
  96  6:26  Archon  
  96  6:30  Zealot  
  97  6:46  Zealot  
  99  6:50  Nexus  
  99  6:53  High Templar, Pylon  
  99  6:54  High Templar x2  
  105  7:02  Immortal  
  105  7:05  High Templar  
  105  7:06  Zealot x2, High Templar  
  105  7:08  Psionic Storm  
  117  7:10  Archon, Pylon  
  117  7:11  Probe x2  
  117  7:14  Zealot x2  
  117  7:15  Archon  
  123  7:20  Protoss Ground Weapons Level 2 (Chrono Boost)  
  123  7:21  Pylon  
  123  7:22  Pylon  
  123  7:24  Probe x2  
  123  7:26  Photon Cannon  
  123  7:27  Shield Battery  
  123  7:29  Probe, Pylon  
  126  7:36  Probe  
  127  7:37  Probe  
  127  7:42  Probe  
  129  7:45  Zealot x7  
  129  7:49  Probe  
  129  7:51  Probe  
  145  7:54  Probe  
  144  8:01  Probe  
  144  8:02  Assimilator, High Templar x2  
  144  8:03  Probe  
  148  8:06  Probe x2  
  148  8:07  Assimilator  
  142  8:13  Probe, High Templar x3  
  142  8:15  Probe  
  142  8:18  Probe x2  
  150  8:22  Immortal (Chrono Boost)  
  150  8:25  Probe  
  155  8:27  Probe  
  155  8:30  Gateway  
  155  8:33  Gateway, Photon Cannon  
  150  8:35  Photon Cannon  
  150  8:38  Pylon  
  150  8:40  Photon Cannon  
  150  8:41  Photon Cannon  
  150  8:42  Pylon  
  150  8:43  Pylon  
  150  8:46  Photon Cannon  
  150  8:47  High Templar x3  
  150  8:48  High Templar  
  158  8:52  Archon x2  
  158  8:53  Zealot x5  
  168  8:56  Pylon  
  168  8:57  Pylon  
  168  8:58  Observer (Chrono Boost)  
  168  8:59  Pylon  
  169  9:16  Zealot x5, Immortal  
  181  9:25  Zealot x3, High Templar x2  
  181  9:29  Archon  
  191  9:35  Nexus  
  191  9:37  Pylon  
  191  9:43  Fleet Beacon  
  191  9:47  Stargate  
  191  9:48  Stargate  
Tags
 
Add a new tag
Caveats
  • Supply blocks, unpowered buildings, or Contaminate may cause inaccurate times.
  • Supply counts are checked every 10 seconds.